 Dungeon Crawl Stone Soup version 0.29.1-15-g9cfb28693d (webtiles) character file.

Game seed: 7173967211784292433

98 KittyFluff the Trooper (level 4, 0/43 HPs)
             Began as a Gargoyle Berserker on Apr 9, 2023.
             Was a Believer of Trog.
             Killed by divine providence
             ... invoked by an orc priest
              (16 damage)
             ... on level 3 of the Dungeon.
             The game lasted 00:06:23 (2034 turns).

KittyFluff the Trooper (Gargoyle Berserker)         Turns: 2034, Time: 00:06:24

Health: 0/43       AC:  7    Str: 20    XL:     4   Next: 69%
Magic:  4/4        EV: 12    Int:  8    God:    Trog [**....]
Gold:   139        SH:  0    Dex: 11    Spells: 3/3 levels left

rFire   . . .      SeeInvis .   a - +0 mace
rCold   . . .      Faith    .   (no shield)
rNeg    + . .      Spirit   .   n - +0 leather armour
rPois   ∞          Reflect  .   (no helmet)
rElec   +          Harm     .   j - scarf {repulsion}
rCorr   .          Rampage  .   (no gloves)
Will    .....                   (no boots)
Stlth   ..........              (no amulet)
HPRegen 0.14/turn               (no ring)
MPRegen 0.09/turn               (no ring)

@: berserking (expiring), repel missiles, very quick
A: sickness immunity, AC +3, negative energy resistance 1, electricity
resistance, torment resistance 1, petrification resistance
a: Renounce Religion, Berserk, Trog's Hand


You were on level 3 of the Dungeon.
You worshipped Trog.
Trog was pleased with you.
You visited 1 branch of the dungeon, and saw 3 of its levels.

You collected 139 gold pieces.

Inventory:

Hand Weapons
 a - a +0 mace (weapon)
Missiles
 h - 25 stones (quivered)
Armour
 j - a scarf of repulsion (worn)
 n - a +0 leather armour (worn)
Jewellery
 o - a ring of fire
Scrolls
 b - a scroll of butterflies {unknown}
 c - a scroll of teleportation {unknown}
 e - 3 scrolls of identify {unknown}
 f - a scroll of brand weapon {unknown}
 g - a scroll of enchant armour {unknown}
 l - 2 scrolls of summoning {unknown}
 m - a scroll of acquirement {unknown}
Potions
 d - a potion of lignification {unknown}
 i - a potion of curing {unknown}
 k - a potion of heal wounds {unknown}
 p - a potion of berserk rage {unknown}


   Skills:
 + Level 4.1 Fighting
 + Level 3.8 Maces & Flails
 * Level 3.0 Armour
 + Level 2.1 Dodging
 + Level 0.6 Stealth


You had 3 spell levels left.
You didn't know any spells.
Your spell library was empty.

Dungeon Overview and Level Annotations

Branches:
Dungeon (3/15)

Altars:

Shops:
D:1 *


Innate Abilities, Weirdness & Mutations

You are immune to sickness and miasma.
Your stone body is resilient. (AC +3)
You are immune to poison.
You resist negative energy. (rN+)
You are resistant to electric shocks. (rElec)
You are resistant to unholy torment.
You are immune to petrification.


Message History

p - a metallic white potion An orc priest and 2 orcs come into view.
The orc shouts!
You hear a shout!
An orc comes into view. It is wielding a +0 dagger.
The orc shouts!
The orc priest shouts!
You hear a shout!
Found a ring mail.
The orc priest hits you with a +0 falchion.
You hit the orc priest but do no damage.
You barely miss the orc.
The orc priest looks satisfied for a moment.
You barely miss the orc. The orc hits you with a +0 club.
The orc priest calls down the wrath of Beogh upon you.
Beogh smites you!
You barely miss the orc. The orc hits you but does no damage.
A red film seems to cover your vision as you go berserk!
You feel yourself moving faster!
You feel mighty! The orc closely misses you.
A hobgoblin comes into view.
You hit the orc.
The orc is moderately wounded.
The orc barely misses you.
You sock the orc!
You kill the orc!
Trog accepts your kill.
You hit the orc priest.
The orc priest is lightly wounded.
The orc priest completely misses you.
You hit the orc priest.
The orc priest is heavily wounded.
The orc priest barely misses you.
You hit the orc priest.
The orc priest is heavily wounded.
The orc priest hits you with a +0 falchion!
An endoplasm comes into view.
You hit the orc priest.
The orc priest is almost dead.
You closely miss the orc priest.
The orc priest is almost dead.
The orc priest invokes the aid of Beogh against you.
Beogh smites you!
You die...

#[.# ..#
J.# .o#
#g# #o#
#o#
#@######
#......#
######.#
#.# #.#
#.# #.#
#.# #.#


You could see an orc priest, 2 orcs, an endoplasm and a hobgoblin.

Vanquished Creatures
  4 adders (D:2)
  A worm (D:2)
  An orc (D:3)
  5 bats
  4 endoplasms
  3 giant cockroaches
  5 goblins
  10 hobgoblins
  5 kobolds
  3 quokkas
  4 ball pythons
  4 frilled lizards
  2 rats (D:1)
51 creatures vanquished.

Notes
Turn   | Place    | Note
-------+----------+-------------------------------------------
     0 | D:1      | KittyFluff the Gargoyle Berserker began the quest for the
                  | Orb.
     0 | D:1      | Reached XP level 1. HP: 14/14 MP: 1/1
   239 | D:1      | Found Rurcha's General Store.
   265 | D:1      | Reached XP level 2. HP: 16/19 MP: 2/2
   688 | D:1      | Reached XP level 3. HP: 15/24 MP: 3/3
   709 | D:1      | Reached ** piety under Trog
   901 | D:2      | Reached skill level 4 in Fighting
  1193 | D:2      | Reached XP level 4. HP: 18/29 MP: 4/4
  1844 | D:2      | Found a faded altar of an unknown god.
  2034 | D:3      | Killed from afar by an orc priest

Illustrated notes

Levels and vault maps discovered:
D:1:      dpeg_arrival_rooms_with_view, layout_basic, serial_shops,
          nicolae_shop_statue_plus
D:2:      layout_basic, hellmonk_ecumenical_altar_lost_god,
          chequers_serial_rivers_large_a
D:3:      layout_loops_ring, uniq_crazy_yiuf_cottage, uniq_jessica

Skill      XL: |  1  2  3  4 |
---------------+-------------+-----
Fighting       | 4 |  4.1
Armour         | 3 |  3.0
Dodging        | 2 |  2.1
Maces & Flails | |  3.8
Stealth        | |  0.6

Action                   |  1- 3 |  4- 6 || total
-------------------------+-------+-------++-------
Melee: Mace              |   115 |    52 ||   167
       Punch             |     1 |       ||     1
Invok: Berserk           |       |     1 ||     1
 Stab: Sleeping          |     1 |       ||     1
Armor: Animal skin       |    40 |    11 ||    51
       Leather armour    |       |     3 ||     3
Dodge: Dodged            |    72 |    35 ||   107
